 Crawl Stoat Soup version 0.23-s1-320-g6938d514f0 (console) character file.

568 damerell the Skirmisher (level 7, 0/44 HPs)
             Began as a Gargoyle Skald on June 17, 2022.
             Was an Initiate of Okawaru.
             Slain by Duvessa
             ... wielding a +0 short sword
              (6 damage)
             ... on level 4 of the Dungeon.
             The game lasted 00:25:47 (5205 turns).

damerell the Skirmisher (Gargoyle Skald)            Turns: 5205, Time: 00:25:47

Health: 0/44       AC: 14    Str: 15    XL:     7   Next: 33%
Magic:  7/7 (12)   EV: 12    Int: 15    God:    Okawaru [......]
Gold:   142        SH:  0    Dex:  9    Spells: 6/13 levels left

rFire    . . .     SeeInvis .   b - +0 shortbow (freeze)
rCold    . . .     Gourm    .   (shield currently unavailable)
rNeg     + . .     Faith    .   p - +2 animal skin
rPois    ∞         Spirit   .   q - +2 helmet
rElec    +         Warding  .   h - +1 cloak
rCorr    .         Reflect  .   (no gloves)
MR       .....     Harm     .   (no boots)
Stlth    +.........             (no amulet)
HPRegen  0.14/turn              (no ring)
MPRegen  0.13/turn              (no ring)

@: infusing, unshrouded, singing, 5 MP reserved for charms, 0.09 MP regen used
to sustain charms
A: negative energy resistance 1, electricity resistance, unbreathing,
petrification resistance, rot immunity, AC +4
a: Renounce Religion, End Permanent Enchantments


You were on level 4 of the Dungeon.
You worshipped Okawaru.
Okawaru was noncommittal.
You were not hungry.

You visited 1 branch of the dungeon, and saw 4 of its levels.

You collected 142 gold pieces.

Inventory:

Hand Weapons
 a - a +0 morningstar
   (You took it off an orc on level 3 of the Dungeon)
 b - a +0 shortbow of freezing (weapon)
   (You took it off a centaur on level 3 of the Dungeon)
 c - a +1 hunting sling of flaming
   (You found it on level 1 of the Dungeon)
 f - a +2 spear of flaming
   (You took it off Robin on level 2 of the Dungeon)
 i - a +1 dagger of speed
   (You took it off a kobold on level 1 of the Dungeon)
 s - a +0 mace
Missiles
 m - 53 stones
 u - 3 boomerangs
 A - 50 arrows (quivered)
Armour
 h - a +1 cloak (worn)
   (You found it on level 1 of the Dungeon)
 p - a +2 animal skin (worn)
   (You took it off Robin on level 2 of the Dungeon)
 q - a +2 helmet (worn)
   (You took it off Robin on level 2 of the Dungeon)
 y - a +0 leather armour
Jewellery
 k - an uncursed ring of protection from fire {unknown}
   (You found it on level 1 of the Dungeon)
 w - an uncursed ring of magical power {unknown}
   (You found it on level 3 of the Dungeon)
Scrolls
 e - 2 scrolls of magic mapping
 g - a scroll of blinking
 l - 2 scrolls of immolation
 r - a scroll of noise {unknown}
 x - a scroll of teleportation {unknown}
Potions
 t - a potion of mutation
Comestibles
 d - 5 bread rations
 j - a meat ration
 n - a chunk of flesh
 o - 4 fruits


   Skills:
 + Level 4.6 Fighting
 - Level 3.8 Maces & Flails
 + Level 0.4 Bows
 - Level 1.1 Armour
 - Level 2.0 Dodging
 + Level 3.8 Spellcasting
 + Level 3.8 Charms
 - Level 2.0 Translocations


You had 6 spell levels left.
You knew the following spells:

 Your Spells              Type           Power        Failure   Level  Hunger
a - Infusion              Chrm           14/25        3%          1    None
b - Shroud of Golubria    Chrm/Tloc      11/50        9%          2    ##.....
c - Song of Slaying       Chrm           14/100       6%          2    ##.....
z - Blink                 Tloc           N/A          12%         2    ##.....

Your spell library contained the following spells:

 Spells                   Type           Power        Failure   Level  Hunger
 Magic Dart               Conj           2/25         19%         1    None
 Spectral Weapon          Hex/Chrm       8/100        26%         3    ###....
 Call Imp                 Summ           2/100        28%         2    ##.....
 Slow                     Hex            2/100        28%         2    ##.....
 Conjure Flame            Conj/Fire      2/100        50%         3    ###....
 Mephitic Cloud           Conj/Pois/Air  2/100        50%         3    ###....
 Regeneration             Chrm/Necr      8/200        63%         4    ####...


Dungeon Overview and Level Annotations

Branches:
Dungeon (4/15)
 Temple: D:4-7

Altars:
Ashenzari
Okawaru
Wu Jian

Annotations:
D:4 Duvessa, Sigmund


Innate Abilities, Weirdness & Mutations

You are resistant to torment.
Your stone body is resilient. (AC +4)
You are immune to poison.
You resist negative energy. (rN+)
You are resistant to electric shocks. (rElec)
You can survive without breathing.
You are immune to petrification.
You are immune to rotting.


Message History

You shoot an arrow. The arrow barely misses Duvessa.
The arrow hits the ogre!
The arrow freezes the ogre.
The ogre is heavily wounded.
Duvessa barely misses you. x2
Firing (i - inventory. (/) - cycle)
A - 63 arrows (quivered)
Press: ? - help, Shift-Dir - straight line, f/p - Duvessa
Aim: Duvessa, wielding a short sword and wearing a shiny ring mail (berserk, fast, unusually strong)
You shoot an arrow.
The arrow hits Duvessa but does no damage.
Duvessa hits you but does no damage. Duvessa misses you.
Firing (i - inventory. (/) - cycle)
A - 62 arrows (quivered)
Press: ? - help, Shift-Dir - straight line, f/p - Duvessa
Aim: Duvessa, wielding a short sword and wearing a shiny ring mail (berserk, fast, unusually strong)
You shoot an arrow.
The arrow hits Duvessa but does no damage.
Duvessa barely misses you. Duvessa hits you with a short sword.
Firing (i - inventory. (/) - cycle)
A - 61 arrows (quivered)
Press: ? - help, Shift-Dir - straight line, f/p - Duvessa
Aim: Duvessa, wielding a short sword and wearing a shiny ring mail (berserk, fast, unusually strong)
You shoot an arrow. The arrow hits Duvessa.
The arrow freezes Duvessa.
Duvessa is lightly wounded.
Duvessa barely misses you. Duvessa hits you but does no damage.
Firing (i - inventory. (/) - cycle)
A - 60 arrows (quivered)
Press: ? - help, Shift-Dir - straight line, f - Sigmund, p - Duvessa
Aim: Sigmund, wielding a scythe of protection and wearing a robe You shoot an arrow.
The arrow hits Duvessa!
The arrow freezes Duvessa.
Duvessa is moderately wounded.
Duvessa misses you. Duvessa hits you with a short sword.
Okay, then.
Firing (i - inventory. (/) - cycle)
A - 59 arrows (quivered)
Press: ? - help, Shift-Dir - straight line, f/p - Sigmund
Aim: Sigmund, wielding a scythe of protection and wearing a robe You shoot an arrow.
The arrow hits Duvessa.
The arrow freezes Duvessa.
Duvessa is heavily wounded.
Duvessa hits you but does no damage. Duvessa hits you with a short sword.
Firing (i - inventory. (/) - cycle)
A - 58 arrows (quivered)
Press: ? - help, Shift-Dir - straight line, f - ogre
Aim: an ogre, wielding a giant club (moderately wounded)
You shoot an arrow. The arrow hits Duvessa.
The arrow freezes Duvessa.
Duvessa is heavily wounded.
Duvessa barely misses you. Duvessa closely misses you.
Firing (i - inventory. (/) - cycle)
A - 57 arrows (quivered)
Press: ? - help, Shift-Dir - straight line, f - Sigmund, p - ogre
Aim: Sigmund, wielding a scythe of protection and wearing a robe You shoot an arrow.
The arrow hits Duvessa.
The arrow freezes Duvessa.
Duvessa is severely wounded.
Duvessa closely misses you. Duvessa hits you with a short sword!
You feel better. Duvessa closely misses you.
Firing (i - inventory. (/) - cycle)
A - 56 arrows (quivered)
Press: ? - help, Shift-Dir - straight line, f - ogre
Aim: an ogre, wielding a giant club (moderately wounded)
You shoot an arrow. The arrow hits Duvessa.
The arrow freezes Duvessa.
Duvessa is almost dead.
Duvessa barely misses you. Duvessa misses you.
Firing (i - inventory. (/) - cycle)
A - 55 arrows (quivered)
Press: ? - help, Shift-Dir - straight line, f - Sigmund, p - ogre
Aim: Sigmund, wielding a scythe of protection and wearing a robe You shoot an arrow.
The arrow hits Duvessa but does no damage.
Duvessa is almost dead.
Duvessa hits you with a short sword. Duvessa hits you with a short sword!
* * * LOW HITPOINT WARNING * * *
Unknown command.
You feel better. Duvessa hits you with a short sword!
It was a potion of magic.
Magic courses through your body. Duvessa closely misses you.
Duvessa hits you but does no damage.
Firing (i - inventory. (/) - cycle)
A - 54 arrows (quivered)
Press: ? - help, Shift-Dir - straight line, f - ogre
Aim: an ogre, wielding a giant club (moderately wounded)
You shoot an arrow. The arrow hits Duvessa.
The arrow freezes Duvessa.
Duvessa is almost dead.
Duvessa hits you with a short sword.
* * * LOW HITPOINT WARNING * * *
Duvessa hits you but does no damage.
Sigmund's eyes start glowing with a red light.
Firing (i - inventory. (/) - cycle)
A - 53 arrows (quivered)
Press: ? - help, Shift-Dir - straight line, f/p - ogre
Aim: an ogre, wielding a giant club (moderately wounded)
You shoot an arrow.
The arrow hits Duvessa but does no damage.
Duvessa is almost dead.
Duvessa is no longer berserk.
Duvessa hits you but does no damage. x2
Firing (i - inventory. (/) - cycle)
A - 52 arrows (quivered)
Press: ? - help, Shift-Dir - straight line, f - Sigmund, p - ogre
Aim: Sigmund, wielding a scythe of protection and wearing a robe You shoot an arrow.
The arrow barely misses Duvessa.
The arrow hits the ogre!
The arrow freezes the ogre.
The ogre is severely wounded.
Sigmund casts a spell.
Sigmund flickers and vanishes!
Deactivating autopickup; reactivate with Ctrl-A.
Duvessa hits you with a short sword.
* * * LOW HITPOINT WARNING * * *
Firing (i - inventory. (/) - cycle)
A - 51 arrows (quivered)
Press: ? - help, Shift-Dir - straight line, f - ogre
Aim: an ogre, wielding a giant club (severely wounded)
You shoot an arrow. The arrow hits Duvessa.
The arrow freezes Duvessa.
Duvessa is almost dead.
Duvessa hits you with a short sword.
You die...

#...# *,,,*≈,,*,,≈*
#############(@.# *****≈≈,,,≈≈*
##.....#.....#e..#* ***,,,***
##...........)O##..# *,,,,,,*
#....(.......)..##.# *,,,,,,*
#.....(.........**[#******,**,,*
.....Oe(.....(..**..**,,,,,**,,*
#<...e.({.......**#.#*,******,,**
..........$(....* *..,,* *,,,*
###.....###@....*****,,** *,*,*
#█##█_█##█#....#*,,,,,,,*****,*,*
###.....###...>.,,*****,,,,,*,*,,
................,,* *****,,,,,,
..######.##...##*,*** *,,,,** ##*
#..,...# *,,,* *,,,** **,,*,,,*
***,* ***,,,* *,,,*,,,* *,*
***,,,*,***


You could see Duvessa and an ogre.

Vanquished Creatures
  An ogre (D:3)
  A centaur (D:3)
  A scorpion (D:3)
  Dowan (D:4)
  An orc wizard (D:3)
  Jessica (D:2)
  Terence (D:3)
  Robin (D:2)
  4 adders
  4 gnolls (D:4)
  An ooze (D:1)
  5 worms
  3 dart slugs
  3 leopard geckos
  6 orcs (D:3)
  A ball python (D:1)
  7 bats
  6 giant cockroaches
  13 goblins
  7 hobgoblins
  12 jackals
  2 weasels (D:3)
  6 frilled lizards
  10 kobolds
  15 rats
113 creatures vanquished.

Notes
Turn   | Place    | Note
-------+----------+-------------------------------------------
     0 | D:1      | damerell the Gargoyle Skald began the quest for the Orb.
     0 | D:1      | Reached XP level 1. HP: 12/12 MP: 3/3
    85 | D:1      | Reached XP level 2. HP: 15/18 MP: 0/5
    89 | D:1      | Learned a level 2 spell: Shroud of Golubria
   888 | D:1      | Reached XP level 3. HP: 22/22 MP: 1/6
  1732 | D:2      | Reached skill level 1 in Translocations
  1769 | D:2      | Reached skill level 3 in Fighting
  1850 | D:2      | Reached XP level 4. HP: 25/28 MP: 1/7
  2015 | D:2      | Found an iron altar of Okawaru.
  2217 | D:2      | Noticed Robin
  2238 | D:2      | HP: 9/28 [Robin/spear of flaming (1)]
  2242 | D:2      | Killed Robin
  2464 | D:2      | Noticed Jessica
  2476 | D:2      | Killed Jessica
  2476 | D:2      | Reached XP level 5. HP: 21/32 MP: 2/9
  3327 | D:3      | Found an ornate altar of the Wu Jian Council.
  3556 | D:3      | Learned a level 2 spell: Song of Slaying
  3912 | D:3      | Noticed an ogre
  3950 | D:3      | Killed an ogre
  3950 | D:3      | Reached skill level 4 in Fighting
  3950 | D:3      | Reached XP level 6. HP: 25/38 MP: 1/10
  4118 | D:3      | Noticed Terence
  4125 | D:3      | Killed Terence
  4516 | D:2      | Became a worshipper of Warmaster Okawaru
  4625 | D:4      | Found a shattered altar of Ashenzari.
  4634 | D:4      | Noticed Dowan
  4635 | D:4      | Noticed Duvessa
  4636 | D:4      | Noticed Sigmund
  4669 | D:3      | Reached XP level 7. HP: 21/44 MP: 2/12
  5092 | D:4      | Learned a level 2 spell: Blink
  5185 | D:4      | Killed Dowan
  5199 | D:4      | HP: 11/44 [Duvessa/short sword (12)]
  5204 | D:4      | HP: 6/44 [Duvessa/short sword (2)]
  5205 | D:4      | Slain by Duvessa

Vault maps used:
D:1:      sevenhm_arrival_forest_fort_large_3
D:2:      okawaru_gym_becter, minivault_23, minmay_pentomino_z2, uniq_robin,
          uniq_jessica
D:3:      lemuel_coloured_pillars_altar, first_bread, uniq_terence
D:4:      elyvilon_altar_4, cheibrodos_ashenzari_chains, minmay_door_square,
          minmay_fountain_box, uniq_sigmund, uniq_duvessa

Skill      XL: |  1  2  3  4  5 |
---------------+----------------+-----
Charms         | 3 |  3.8
Dodging        | 2 |  2.0
Translocations | 1 2 |  2.0
Fighting       | 3 4 |  4.6
Spellcasting   | 3 |  3.8
Maces & Flails | 3 |  3.8
Bows           | |  0.4
Armour         | |  1.1

Action                   |  1- 3 |  4- 6 |  7- 9 || total
-------------------------+-------+-------+-------++-------
Melee: Mace              |    86 |    96 |     1 ||   183
       Morningstar       |       |   128 |     4 ||   132
 Fire: Shortbow          |       |       |    54 ||    54
Throw: Stone             |    51 |   102 |       ||   153
       Boomerang         |       |     5 |       ||     5
 Cast: * Infusion        |    41 |    72 |     3 ||   116
       * Shroud of Golub |     1 |    22 |     3 ||    26
       * Song of Slaying |       |    18 |     7 ||    25
  Use: Scroll            |     4 |     2 |     1 ||     7
       Potion            |       |     1 |     3 ||     4
  Eat: Chunk             |     3 |     9 |     2 ||    14
Armor: Leather armour    |    41 |    29 |       ||    70
       Animal skin       |       |    67 |    29 ||    96
Dodge: Dodged            |    52 |   134 |    43 ||   229
* Casting counts for permanent charms are approximate representations of how often the player would have had to cast a non-permanent spell for the same benefits.

Table legend:
 A = Spawn XP
 B = Non-spawn XP
 C = Spawn XP percentage of total XP
 D = Spawn monster count
 E = Non-spawn monster count
 F = Spawn count percentage of total count
 G = Total turns spent on level
                    A         B        C        D         E        F      G
               +---------+---------+-------+---------+---------+-------+---------
         Total |     171 |     641 |  21.1 |      26 |      87 |  23.0 |  5205
               +---------+---------+-------+---------+---------+-------+---------
           D:1 |      11 |      52 |  17.5 |       6 |      28 |  17.6 |  1681
           D:2 |      12 |     124 |   8.8 |       6 |      28 |  17.6 |  1399
           D:3 |     148 |     334 |  30.7 |      14 |      25 |  35.9 |  1792
           D:4 |       0 |     131 |   0.0 |       0 |       6 |   0.0 |   333
               +---------+---------+-------+---------+---------+-------+---------
